 Seeded DCSS version 0.28-a0-1555-g9ae15a6949 (webtiles) character file.

Game seed: 41 (custom seed)

15430 knot the Severer (level 12, 47/81 HPs)
             Began as a Demonspawn Berserker on Jan 19, 2022.
             Was an Elder of Trog.
             Quit the game on level 2 of the Lair of Beasts.
             The game lasted 00:21:54 (18043 turns).

knot the Severer (Demonspawn Berserker)            Turns: 18043, Time: 00:21:54

Health: 47/81      AC: 22    Str: 18    XL:     12   Next: 1%
Magic:  12/12      EV:  5    Int: 14    God:    Trog [****..]
Gold:   690        SH:  0    Dex: 14    Spells: 11/11 levels left

rFire   . . .      SeeInvis .   t - +5 battleaxe (flame)
rCold   . . .      Faith    .   (shield currently unavailable)
rNeg    . . .      Spirit   .   k - +8 plate armour of Gauf {rElec}
rPois   .          Reflect  .   q - +1 helmet
rElec   +          Harm     .   N - +1 cloak
rCorr   .          Rampage  .   (no gloves)
Will    .....                   (no boots)
Stlth   ..........              v - amulet of the acrobat
HPRegen 0.23/turn               (no ring)
MPRegen 0.26/turn               (no ring)

@: mildly poisoned (47 -> 31)
A: claws 1, thin skeletal structure 1, powered by death 3, magic regeneration
a: Renounce Religion, Berserk, Trog's Hand, Brothers in Arms


You were on level 2 of the Lair of Beasts.
You worshipped Trog.
Trog was greatly pleased with you.
You visited 2 branches of the dungeon, and saw 13 of its levels.

You collected 690 gold pieces.

Inventory:

Hand Weapons
 a - a +0 hand axe
 t - a +5 battleaxe of flaming (weapon)
 B - a +1 war axe of flaming
Missiles
 f - 267 stones
 g - 4 boomerangs
 j - 6 poisoned darts (quivered)
 n - 74 sling bullets
 o - 4 silver javelins
 r - 11 javelins
 w - 2 curare-tipped darts
Armour
 k - the +8 plate armour of Gauf (worn) {rElec}
   (You found it on level 10 of the Dungeon)

   rElec:     It insulates you from electricity.
 q - a +1 helmet (worn)
 D - a +2 plate armour of fire resistance
 L - a +1 scale mail of poison resistance
 N - a +1 cloak (worn)
Jewellery
 v - an amulet of the acrobat (around neck)
 z - a ring of fire
 O - an amulet of reflection
Wands
 u - a wand of flame (44)
 x - a wand of paralysis (19)
 y - a wand of polymorph (5)
 G - a wand of iceblast (7)
 J - a wand of digging (5)
 M - a wand of mindburst (7)
Scrolls
 b - a scroll of magic mapping
 c - 5 scrolls of identify
 e - 2 scrolls of fog
 h - 2 scrolls of silence
 m - 4 scrolls of amnesia
 s - 2 scrolls of immolation
 A - 2 scrolls of fear
 H - 2 scrolls of teleportation
 P - a scroll of torment
 R - a scroll of holy word
 S - a scroll of blinking
Potions
 d - 3 potions of degeneration
 i - a potion of flight
 l - a potion of brilliance
 p - 5 potions of lignification
 C - 2 potions of might
 E - a potion of berserk rage
 F - 2 potions of cancellation
 K - 3 potions of curing
 Q - 2 potions of resistance
Miscellaneous
 I - a phantom mirror


   Skills:
 - Level 3.0 Fighting
 * Level 15.8 Axes
 - Level 8.6 Throwing
 - Level 1.7 Armour
 - Level 1.7 Dodging


You had 11 spell levels left.
You didn't know any spells.
Your spell library contained the following spells:

 Spells                   Type           Power      Damage    Failure   Level
 Sandblast                Erth           0%         2d4       100%        1
 Passwall                 Tmut/Erth      0%         N/A       100%        2
 Scorch                   Fire           0%         2d5       100%        2
 Static Discharge         Conj/Air       0%         N/A       100%        2
 Frozen Ramparts          Ice            0%         1d2       100%        3
 Stone Arrow              Conj/Erth      0%         3d7       100%        3
 Flame Wave               Conj/Fire      0%         2d4       100%        4
 Ice Form                 Ice/Tmut       0%         N/A       100%        4
 Leda's Liquefaction      Hex/Erth       0%         N/A       100%        4
 Summon Ice Beast         Ice/Summ       0%         N/A       100%        4
 Lee's Rapid Deconstruct  Erth           0%         3d5*      100%        5
 Lightning Bolt           Conj/Air       0%         1d11      100%        5
 Statue Form              Tmut/Erth      0%         N/A       100%        6
 Summon Cactus Giant      Summ           0%         N/A       100%        6
 Maxwell's Capacitive Co  Air            0%         ∞         100%        8


Dungeon Overview and Level Annotations

Branches:
Dungeon (11/15)            Temple (0/1) D:7            Lair (2/6) D:10
    Orc (0/2) D:11
  Swamp: Lair:2-4    Shoals: Lair:2-4     Snake: Lair:2-4    Spider: Lair:2-4

Altars:
Makhleb
Nemelex Xobeh
Qazlal
Ru
Uskayaw

Shops:
D:3 [


Innate Abilities, Weirdness & Mutations

You have sharp fingernails.
You have a somewhat thin skeletal structure. (Dex +2, Stealth+)
You regenerate a lot of health from kills.
You regenerate magic rapidly.


Message History

You see here a yak corpse.
j - 6 poisoned darts (gained 1)
j - 7 poisoned darts (gained 1)
K - 3 potions of curing (gained 1)
A cane toad comes into view.
The cane toad gives a loud, deep croak!
A cane toad is nearby!
A cane toad is nearby!
Throw: 7 darts (poison)
Press: ? - help, Q - select action, (/) - cycle Shift-Dir - straight line, f - cane toad
Aim: a cane toad (66% to hit)
You throw a poisoned dart.
The poisoned dart barely misses the cane toad.
The cane toad barely misses you.
You completely miss the cane toad.
The cane toad stings you but does no damage.
You barely miss the cane toad. The cane toad completely misses you.
You slash the cane toad! You burn the cane toad.
The cane toad is moderately wounded.
The cane toad stings you but does no damage.
You slash the cane toad! You burn the cane toad.
The cane toad is almost dead.
The cane toad stings you.
You barely miss the cane toad.
The cane toad is almost dead.
The cane toad stings you!
You are poisoned.
The cane toad poisons you!
You closely miss the cane toad.
The cane toad is almost dead.
You feel very sick. The cane toad stings you.
You slice the cane toad!! You burn the cane toad.
You kill the cane toad!
Trog accepts your kill.
You feel very sick.
You have reached level 12!
You feel stronger.
Your demonic ancestry asserts itself...
Your bones become slightly less dense.
Are you sure you want to abandon this character and quit the game? (Confirm with "yes".)

P................####
#..............P#.#
P.............#####
#.............##..#
............#####.#
.................##
..................###
....................#
...............@....#
....................#
....................#
...###..............#
.. ##..♣♣♣♣♣♣♣♣♣..#
#.(. ..# ### .#


There were no monsters in sight!

Vanquished Creatures
  A boulder beetle (D:11)
  Pikel (D:5)
  A cyclops (D:10)
  Joseph (Lair:1)
  A black mamba (Lair:2)
  A gargoyle (D:11)
  3 cane toads
  2 komodo dragons
  A kobold demonologist (D:11)
  2 hornets
  2 trolls
  Prince Ribbit (D:5)
  A hornet (shapeshifter) (D:10)
  Grinder (D:5)
  3 blink frogs (Lair:1)
  A centaur simulacrum (D:10)
  Sigmund (D:5)
  2 shadows
  19 yaks
  Eustachio (D:5)
  A steam dragon (D:8)
  An acid dragon (D:11)
  4 water moccasins
  2 ice beasts
  10 orc warriors
  3 sky beasts
  3 black bears
  3 ogres
  5 centaurs
  A kobold brigand (D:5)
  2 bullfrogs
  A wyvern zombie (D:6)
  3 scorpions
  A water moccasin zombie (D:5)
  A wyvern skeleton (D:6)
  A water moccasin skeleton (D:2)
  16 killer bees
  4 howler monkeys
  2 bullfrog zombies (D:6)
  2 centaur zombies
  4 jellies
  3 hounds
  3 orc priests
  2 centaur skeletons
  2 gnoll shamans
  8 orc wizards
  5 iguanas
  Robin (D:3)
  9 gnolls
  3 adders
  A shadow imp (D:6)
  A white imp (D:6)
  2 worms
  39 orcs
  4 ball pythons
  8 endoplasms
  A giant cockroach (D:1)
  12 hobgoblins
  12 kobolds
  4 quokkas
  8 bats
  4 frilled lizards (D:2)
  14 goblins
  5 rats
267 creatures vanquished.

Vanquished Creatures (collateral kills)
  A hornet (shapeshifter) (D:10)
  A killer bee (D:10)
  3 orcs (D:10)
5 creatures vanquished.

Vanquished Creatures (others)
  A killer bee (D:11)
  17 plants
18 creatures vanquished.

Grand Total: 290 creatures vanquished

Notes
Turn   | Place    | Note
-------+----------+-------------------------------------------
     0 | D:1      | knot the Demonspawn Berserker began the quest for the Orb.
     0 | D:1      | Reached XP level 1. HP: 18/18 MP: 1/1
   112 | D:1      | Reached skill level 3 in Axes
   763 | D:1      | Gained mutation: You have sharp fingernails. [demonic
                  | ancestry]
   763 | D:1      | Reached XP level 2. HP: 24/24 MP: 2/2
  1428 | D:2      | Found a sacrificial altar of Ru.
  1611 | D:2      | Reached XP level 3. HP: 21/29 MP: 3/3
  1920 | D:2      | Reached skill level 4 in Axes
  2328 | D:2      | Gained mutation: You regenerate a little health from kills.
                  | [demonic ancestry]
  2328 | D:2      | Reached XP level 4. HP: 17/35 MP: 4/4
  3474 | D:3      | Reached skill level 5 in Axes
  3598 | D:3      | Found a faded altar of an unknown god.
  3765 | D:3      | Noticed Robin
  3776 | D:3      | Killed Robin
  3777 | D:3      | Gained mutation: You regenerate health from kills. [demonic
                  | ancestry]
  3777 | D:3      | Reached XP level 5. HP: 41/41 MP: 5/5
  3778 | D:3      | Reached ** piety under Trog
  4168 | D:3      | Found a burning altar of Makhleb.
  4221 | D:3      | Found Luitunehurgh's Armour Emporium.
  4355 | D:4      | Reached skill level 6 in Axes
  4875 | D:4      | Reached XP level 6. HP: 13/47 MP: 6/6
  5240 | D:4      | Reached skill level 1 in Throwing
  5480 | D:4      | Noticed a water moccasin
  5492 | D:4      | Killed a water moccasin
  5782 | D:4      | Reached XP level 7. HP: 52/52 MP: 7/7
  6051 | D:5      | Entered Level 5 of the Dungeon
  6059 | D:5      | Noticed Prince Ribbit
  6067 | D:5      | Noticed Grinder
  6215 | D:5      | Killed Grinder
  6216 | D:5      | Reached skill level 7 in Axes
  6217 | D:5      | Killed Prince Ribbit
  6271 | D:5      | Reached XP level 8. HP: 49/58 MP: 8/8
  6687 | D:5      | Reached skill level 8 in Axes
  6865 | D:5      | Reached skill level 5 in Throwing
  6879 | D:5      | Noticed Pikel
  6887 | D:5      | Killed Pikel
  7148 | D:5      | Reached skill level 9 in Axes
  7530 | D:5      | Gained mutation: You regenerate magic rapidly. [demonic
                  | ancestry]
  7530 | D:5      | Reached XP level 9. HP: 48/63 MP: 9/9
  7594 | D:5      | Noticed Sigmund
  7599 | D:5      | Noticed Eustachio
  7608 | D:5      | Killed Sigmund
  7640 | D:5      | Killed Eustachio
  9413 | D:6      | Found a stormy altar of Qazlal.
  9414 | D:6      | Found a hide-covered altar of Uskayaw.
 10257 | D:7      | Found a staircase to the Ecumenical Temple.
 10532 | D:7      | Reached skill level 10 in Axes
 12215 | D:8      | Gained mutation: You regenerate a lot of health from kills.
                  | [demonic ancestry]
 12215 | D:8      | Reached XP level 10. HP: 41/70 MP: 10/10
 12404 | D:8      | Identified a scroll of acquirement
 12404 | D:8      | Acquired a +5 battleaxe of flaming
 12582 | D:9      | Reached skill level 11 in Axes
 13774 | D:10     | Entered Level 10 of the Dungeon
 13912 | D:10     | Reached skill level 12 in Axes
 14100 | D:10     | Noticed a cyclops
 14119 | D:10     | Killed a cyclops
 14359 | D:10     | Identified the +8 plate armour of Gauf {rElec}
 14452 | D:10     | Found a staircase to the Lair.
 14477 | D:10     | Reached skill level 13 in Axes
 14481 | D:10     | Reached XP level 11. HP: 75/75 MP: 11/11
 14668 | D:10     | Found a sparkling altar of Nemelex Xobeh.
 14769 | D:10     | Reached *** piety under Trog
 15837 | D:11     | Noticed a boulder beetle
 15852 | D:11     | Reached skill level 14 in Axes
 15865 | D:11     | Killed a boulder beetle
 15886 | D:11     | Found a staircase to the Orcish Mines.
 15982 | D:11     | Identified the +6 long sword of Classification {distort,
                  | *Noise rElec SInv}
 16420 | D:11     | Reached **** piety under Trog
 16824 | Lair:1   | Entered Level 1 of the Lair of Beasts
 17083 | Lair:1   | Reached skill level 15 in Axes
 17103 | Lair:1   | Noticed Joseph
 17120 | Lair:1   | Killed Joseph
 18043 | Lair:2   | Gained mutation: You have a somewhat thin skeletal
                  | structure. (Dex +2, Stealth+) [demonic ancestry]
 18043 | Lair:2   | Reached XP level 12. HP: 47/81 MP: 12/12
 18043 | Lair:2   | Quit the game

Illustrated notes

Levels and vault maps discovered:
D:1:      dpeg_arrival_radiant, layout_basic
D:2:      layout_loops_corners, basic_altar
D:3:      corexii_shack_village, layout_rooms, lemuel_coloured_pillars_altar,
          hellmonk_ecumenical_altar_inner_sanctum, serial_shops, shop,
          uniq_robin
D:4:      layout_basic
D:5:      layout_loops_ring, uniq_grinder, uniq_sigmund, uniq_pikel,
          uniq_eustachio, uniq_prince_ribbit1
D:6:      layout_basic, gammafunk_temple_overflow_pools
D:7:      layout_basic, temple_fountains
D:8:      layout_cave_pools, minmay_fractal_squares_gapless_5
D:9:      layout_gridville
D:10:     minmay_bloctagon_deflated, layout_layer_cave,
          nemelex_diamond_rough_becter, david_lair_shrubbed
D:11:     layout_long_grid, david_orc_4
Lair:1:   layout_roguey, serial_bayou_shore_a, infiniplex_staircase_pool_2,
          uniq_joseph
Lair:2:   layout_cave_pods, serial_forest, infiniplex_forest_lined_room_2,
          infiniplex_forest_straight_3, infiniplex_forest_lined_room_2,
          infiniplex_forest_zigzag_2, infiniplex_forest_straight_3, st_stairs_3,
          grunt_megastairs_4, serial_bayou_shore_b

Skill      XL: |  1  2  3  4  5  6  7  8  9 10 11 |
---------------+----------------------------------+-----
Axes           | 3 4 5 6 7 9 10 13 15 | 15.8
Throwing       | 2 4 6 8 |  8.6
Fighting       | |  3.0
Armour         | |  1.7
Dodging        | |  1.7

Action                   |  1- 3 |  4- 6 |  7- 9 | 10-12 || total
-------------------------+-------+-------+-------+-------++-------
Melee: Hand axe          |    97 |   151 |   281 |       ||   529
       Punch             |     1 |     1 |     6 |       ||     8
       War axe           |       |       |   102 |     4 ||   106
       Battleaxe         |       |       |       |   223 ||   223
Throw: Stone             |       |     6 |     2 |    19 ||    27
       Dart              |       |     1 |    29 |    44 ||    74
       Javelin           |       |       |     2 |       ||     2
Invok: Berserk           |     2 |     6 |    11 |     9 ||    28
       Trog's Hand       |       |     1 |     1 |     1 ||     3
Evoke: Wand              |       |     2 |     3 |     8 ||    13
  Use: Potion            |       |       |     6 |     1 ||     7
       Scroll            |       |       |    10 |    10 ||    20
 Stab: Sleeping          |     4 |       |     4 |       ||     8
       Invisible         |       |       |     3 |       ||     3
Armor: Animal skin       |    17 |    23 |    55 |    22 ||   117
       Skin              |       |       |     2 |       ||     2
       Plate armour      |       |       |       |   159 ||   159
Dodge: Dodged            |    58 |    87 |   210 |   137 ||   492

Table legend: (Time is in decaauts)
 A = Elapsed time spent in this place.
 B = Non-inter-level travel time spent in this place.
 C = Inter-level travel time spent in this place.
 D = Time resting spent in this place.
 E = Time spent auto-exploring this place.
 F = Levels seen in this place.
 G = Mean time per level.
                   A        B        C        D        E       F      G
               +--------+--------+--------+--------+--------+-----+--------+
         Total |  18281 |  17733 |    548 |   7222 |   8614 |  13 | 1406.2 |
       Dungeon |  17032 |  16493 |    539 |   6991 |   7758 |  11 | 1548.4 |
          Lair |   1248 |   1240 |      8 |    231 |    856 |   2 |  624.0 |
               +--------+--------+--------+--------+--------+-----+--------+

Top non-repeatable levels by time:
     D:5: 2177 daAuts
     D:2: 1988 daAuts
     D:4: 1985 daAuts
    D:10: 1810 daAuts
     D:7: 1587 daAuts
     D:6: 1539 daAuts
     D:1: 1222 daAuts
    D:11: 1211 daAuts
     D:9: 1190 daAuts
     D:8: 1168 daAuts
     D:3: 1151 daAuts
  Lair:1: 1127 daAuts
  Lair:2: 121 daAuts
